 Dungeon Crawl Stone Soup version 0.19.1 (webtiles) character file.

1782 Haldmier the Carver (level 8, -9/50 HPs)
             Began as a High Elf Skald on Dec 6, 2016.
             Was a Follower of Vehumet.
             Killed by divine providence
             ... invoked by an orc priest
              (15 damage)
             ... on level 8 of the Dungeon.
             The game lasted 00:41:10 (9102 turns).

Haldmier the Carver (High Elf Skald)                Turns: 9102, Time: 00:41:11

Health: -9/50      AC:  3    Str: 21    XL:     8   Next: 81%
Magic:  15/15      EV: 11    Int: 13    God:    Vehumet [*.....]
Gold:   596        SH:  0    Dex: 16    Spells: 4 memorised, 6 levels left

rFire  . . .     SeeInvis .     z - +3 mace of the Median {crush, rPois}
rCold  . . .     Gourm    .     b - +0 leather armour
rNeg   + . .     Faith    .     (no shield)
rPois  +         Spirit   .     (no helmet)
rElec  .         Reflect  .     (no cloak)
rCorr  .         Harm     .     (no gloves)
MR     .....                    (no boots)
Stlth  +.........               C - amulet "Gieng" {+Rage rPois rN+ Str+8 Int-5}
                                (no ring)
                                D - +3 ring of intelligence

@: no status effects
A: no striking features
a: Renounce Religion, Evoke Berserk Rage


You were on level 8 of the Dungeon.
You worshipped Vehumet.
Vehumet was aware of your devotion.
You were not hungry.

You visited 2 branches of the dungeon, and saw 9 of its levels.
You also visited: Sewer.

You collected 596 gold pieces.

Inventory:

Hand Weapons
 a - a +0 falchion
 h - a +1 dagger of draining
 z - the +3 mace of the Median (weapon) {crush, rPois}
   (You found it in a sewer)

   It inflicts extra damage upon your enemies.
   It protects you from poison.
Missiles
 e - 12 tomahawks (quivered)
 w - a throwing net
Armour
 b - a +0 leather armour (worn)
 o - a +0 scale mail
 r - a +0 ring mail
 I - a +1 plate armour of magic resistance
Jewellery
 A - an uncursed ring of ice
 C - the amulet "Gieng" (around neck) {+Rage rPois rN+ Str+8 Int-5}
   (You found it on level 4 of the Dungeon)

   [amulet of rage]

   It affects your strength (+8).
   It affects your intelligence (-5).
   It protects you from poison.
   It protects you from negative energy.
   It lets you go berserk.
 D - a +3 ring of intelligence (left hand)
Wands
 n - a wand of polymorph (10/24)
 H - a wand of acid (4/15)
 K - a wand of iceblast (10/15)
 S - a wand of slowing (26/48)
 W - a wand of iceblast (4/15)
Scrolls
 i - a scroll of blinking {unknown}
 j - 2 scrolls of amnesia {unknown}
 l - a scroll of enchant armour {unknown}
 m - 2 scrolls of teleportation {unknown}
 p - 2 scrolls of identify
 q - 2 scrolls of enchant weapon {unknown}
 y - a scroll of brand weapon {unknown}
 B - a scroll of random uselessness {unknown}
 E - a scroll of recharging {unknown}
 F - a scroll of noise {unknown}
 G - 4 scrolls of remove curse
 J - 2 scrolls of fog {unknown}
 M - a scroll of acquirement {unknown}
 Q - a scroll of immolation {unknown}
 R - a scroll of magic mapping {unknown}
 T - 3 scrolls of fear {unknown}
Potions
 f - a potion of flight
 k - a potion of cure mutation
 s - 5 potions of heal wounds {unknown}
 t - 2 potions of invisibility
 u - 2 potions of agility
 N - a potion of curing {unknown}
 U - a potion of mutation {unknown}
 V - 2 potions of resistance {unknown}
 X - 2 potions of ambrosia {unknown}
Books
 c - a book of Battle

   Spells                             Type                      Level
   a - Infusion                       Charms                       1
   b - Shroud of Golubria             Charms/Translocation         2
   c - Song of Slaying                Charms                       2
   d - Spectral Weapon                Hexes/Charms                 3
   e - Regeneration                   Charms/Necromancy            3
 x - a book of Conjurations

   Spells                             Type                      Level
   a - Magic Dart                     Conjuration                  1
   b - Searing Ray                    Conjuration                  2
   c - Dazzling Spray                 Conjuration/Hexes            3
   d - Fulminant Prism                Conjuration/Hexes            4
   e - Iskenderun's Mystic Blast      Conjuration                  4
   f - Iskenderun's Battlesphere      Conjuration/Charms           5
Comestibles
 d - 7 bread rations
 g - 6 meat rations
 v - a royal jelly
 L - 7 beef jerkies
 O - a slice of pizza
 P - 7 chunks of flesh


   Skills:
 - Level 2.0 Fighting
 * Level 9.5 Long Blades
 - Level 0.8 Armour
 - Level 1.1 Dodging
 + Level 4.3 Spellcasting
 - Level 4.0 Hexes
 + Level 5.1 Charms
 + Level 3.0 Necromancy
 - Level 4.0 Translocations


You had 6 spell levels left.
You knew the following spells:

 Your Spells              Type           Power        Failure   Level  Hunger
a - Infusion              Chrm           ###.         2%          1    None
b - Shroud of Golubria    Chrm/Tloc      ##........   6%          2    ##.....
c - Spectral Weapon       Hex/Chrm       ##......     12%         3    ###....
d - Regeneration          Chrm/Necr      ##........   14%         3    ###....


Dungeon Overview and Level Annotations

Branches:
Dungeon (8/15)             Temple (1/1) D:7
   Lair: D:8-11

Altars:
Ashenzari
Cheibriados
Dithmenos
Elyvilon
Gozag
Hepliaklqana
Makhleb
Nemelex Xobeh
Okawaru
Ru
Sif Muna
Trog
Uskayaw
Vehumet
Xom
Yredelemnul
Zin
The Shining One

Shops:
D:6 :


Message History

You hit the orc warrior but do no damage.
Your spectral weapon hits the orc warrior.
The orc warrior hits you with a war axe of freezing!
The orc warrior freezes you!
* * * LOW HITPOINT WARNING * * *
The orc warrior hits your spectral weapon with a war axe of freezing!
Your spectral weapon shares its damage with you!
The orc warrior freezes your spectral weapon.
Your spectral weapon fades away.
* * * LOW HITPOINT WARNING * * *
An orc priest comes into view. It is wielding a flail of holy wrath.
You take 29 damage, and have 4/50 hp.
MASSIVE DAMAGE!!
Found a beef jerky.
Found a stone staircase leading down.
A jelly comes into view.
The orc priest shouts!
The jelly quivers.
The orc priest invokes the aid of Beogh against you.
Beogh smites you!
You die...

.######.#.#####.#
....
.........o......#
##
#######.#o#######
.........%.......
.######>.........
#.#.#......
#.#o#.##### #.#.#
# #.#@#
#........#
#........#
..........#
###.....J..#
#........#
#........#
#........#


You could see an orc warrior, a jelly, an orc priest and an orc.

Vanquished Creatures
  Eustachio (D:4)
  An orc warrior (D:6)
  2 ogres
  4 bullfrogs
  A scorpion (D:7)
  A jelly (D:7)
  2 howler monkeys (D:4)
  A crimson imp (D:5)
  A centaur zombie (D:7)
  3 hounds
  2 bullfrog skeletons
  Jessica (D:3)
  6 orc wizards
  3 iguanas
  7 worker ants
  3 gnolls (D:3)
  A howler monkey skeleton (D:7)
  10 adders
  2 oozes
  An adder zombie (D:5)
  2 worms (D:2)
  A dart slug (D:3)
  6 leopard geckos
  21 orcs
  5 ball pythons
  12 giant cockroaches
  10 goblins
  5 hobgoblins
  4 jackals
  8 kobolds
  3 quokkas
  8 bats
  14 frilled lizards
  A jackal skeleton (D:6)
  A jackal zombie (D:6)
  2 quokka skeletons (D:4)
  13 rats
  A plant (D:5)
170 creatures vanquished.

Vanquished Creatures (others)
  A centaur (D:7)
  An orc wizard (D:7)
  A giant cockroach (D:7)
  A quokka (D:7)
  2 spectral weapons (D:8)
6 creatures vanquished.

Grand Total: 176 creatures vanquished

Notes
Turn   | Place    | Note
-------+----------+-------------------------------------------
     0 | D:1      | Haldmier the High Elf Skald began the quest for the Orb.
     0 | D:1      | Reached XP level 1. HP: 14/14 MP: 4/4
   232 | D:1      | Reached skill level 3 in Long Blades
   350 | D:1      | Reached XP level 2. HP: 13/19 MP: 0/6
   648 | D:1      | Learned a level 2 spell: Shroud of Golubria
   933 | D:1      | Reached skill level 4 in Long Blades
  1188 | D:1      | Reached XP level 3. HP: 24/24 MP: 3/7
  1679 | D:2      | Reached skill level 1 in Translocations
  2088 | D:2      | Learned a level 3 spell: Spectral Weapon
  2831 | D:3      | Reached XP level 4. HP: 29/29 MP: 5/8
  2970 | D:3      | Reached skill level 1 in Hexes
  3388 | D:3      | Reached skill level 5 in Long Blades
  3393 | D:3      | Found a glowing golden altar of the Shining One.
  3743 | D:3      | Noticed Jessica
  3767 | D:3      | Killed Jessica
  3767 | D:3      | Reached XP level 5. HP: 30/34 MP: 5/9
  3769 | D:3      | Found a deep blue altar of Sif Muna.
  4031 | D:4      | Found a glowing drain.
  4060 | Sewer    | Entered a sewer
  4693 | Sewer    | Reached skill level 6 in Long Blades
  4693 | Sewer    | Reached XP level 6. HP: 34/39 MP: 5/10
  4706 | Sewer    | Got a bone mace
  4808 | D:4      | Learned a level 3 spell: Regeneration
  4808 | D:4      | Identified the +3 mace of the Median {crush, rPois} (You found it in a sewer)
  5085 | D:4      | Got a scorched steel amulet
  5107 | D:4      | Noticed Eustachio
  5123 | D:4      | Killed Eustachio
  5123 | D:4      | Reached skill level 7 in Long Blades
  5123 | D:4      | Reached skill level 1 in Necromancy
  5123 | D:4      | Reached XP level 7. HP: 18/45 MP: 7/11
  5605 | D:4      | Identified the amulet "Gieng" {+Rage rPois rN+ Str+8 Int-5} (You found it on level 4 of the Dungeon)
  5612 | D:5      | Entered Level 5 of the Dungeon
  5767 | D:5      | Found a sacrificial altar of Ru.
  6627 | D:6      | Found Kurghos's Book Shop.
  6812 | D:6      | Reached skill level 8 in Long Blades
  7231 | D:6      | Reached XP level 8. HP: 42/50 MP: 12/12
  7367 | D:6      | Found an opulent altar of Gozag.
  7367 | D:6      | Found a glowing silver altar of Zin.
  7587 | D:7      | Found a staircase to the Ecumenical Temple.
  7595 | Temple   | Entered the Ecumenical Temple
  7617 | Temple   | Became a worshipper of Vehumet
  8324 | D:7      | Found a shimmering altar of Xom.
  8500 | D:7      | Reached skill level 9 in Long Blades
  8851 | D:8      | Reached skill level 5 in Charms
  9009 | D:7      | Reached * piety under Vehumet
  9009 | D:7      | Offered knowledge of Sandblast by Vehumet.
  9102 | D:8      | Killed from afar by an orc priest

Skill      XL: |  1  2  3  4  5  6  7  8 |
---------------+-------------------------+-----
Long Blades    | 3 4 5 6 7 8 9 |  9.5
Translocations | 1 2 3 4 |  4.0
Hexes          | 1 2 3 4 |  4.0
Necromancy     | 1 2 3 |  3.0
Charms         | 4 5 |  5.1
Spellcasting   | 4 |  4.3
Fighting       | |  2.0
Armour         | |  0.8
Dodging        | |  1.1

Action                   |  1- 3 |  4- 6 |  7- 9 || total
-------------------------+-------+-------+-------++-------
Melee: Falchion          |    52 |       |       ||    52
       Dagger            |    55 |   159 |       ||   214
       Mace              |       |    36 |   215 ||   251
 Cast: Infusion          |    24 |    13 |     2 ||    39
       Shroud of Golubri |       |    14 |    29 ||    43
       Spectral Weapon   |       |     4 |    13 ||    17
       Regeneration      |       |       |    11 ||    11
  Use: Scroll            |       |       |     7 ||     7
 Stab: Sleeping          |       |       |     2 ||     2
  Eat: Chunk             |     5 |    11 |    15 ||    31
       Fruit             |       |       |     4 ||     4
Armor: Leather armour    |    17 |    38 |    35 ||    90
Dodge: Dodged            |    50 |   119 |   136 ||   305
       Rpst.: Falchion   |    10 |       |       ||    10
